 Dungeon Crawl Stone Soup version 0.24.0-123-gd5b16e6ec5 (webtiles) character file.

Game seed: 18269833987449900287, levelgen mode: deterministic

4015 Peloso the Carver (level 10, -9/88 HPs)
             Began as a Minotaur Fighter on Dec 24, 2019.
             Was an Elder of Okawaru.
             Mangled by an orc knight
             ... wielding a +0 broad axe
              (32 damage)
             ... in a bailey.
             The game lasted 00:17:00 (5202 turns).

Peloso the Carver (Minotaur Fighter)                Turns: 5202, Time: 00:17:01

Health: -9/88      AC: 18    Str: 24    XL:     10   Next: 3%
Magic:  0/10       EV: 11    Int:  5    God:    Okawaru [****..]
Gold:   457        SH: 14    Dex: 12    Spells: 9/9 levels left

rFire    + . .     SeeInvis .   a - +1 long sword
rCold    . . .     Gourm    .   c - +0 shield
rNeg     . . .     Faith    .   h - +0 plate armour
rPois    .         Spirit   +   (helmet restricted)
rElec    .         Reflect  .   H - +0 cloak
rCorr    .         Harm     .   w - +0 pair of gloves
MR       .....                  (no boots)
Stlth    ..........             k - amulet of guardian spirit
HPRegen  0.24/turn              l - ring of protection from fire
MPRegen  0.12/turn              E - +2 ring of strength

@: heroism
A: retaliatory headbutt, horns 2
a: Heroism, Renounce Religion


You were in a bailey.
You worshipped Okawaru.
Okawaru was greatly pleased with you.
You were not hungry.

You visited 2 branches of the dungeon, and saw 8 of its levels.
You also visited: Bailey.

You collected 457 gold pieces.

Inventory:

Hand Weapons
 a - a +1 long sword (weapon)
Armour
 b - a +0 scale mail
 c - a +0 shield (worn)
 h - a +0 plate armour (worn)
 w - a +0 pair of gloves (worn)
 H - a +0 cloak (worn)
Jewellery
 k - an amulet of guardian spirit (around neck)
 l - a ring of protection from fire (left hand)
 n - an uncursed ring of wizardry
 r - a +3 ring of intelligence
 s - a +1 ring of protection
 B - a +3 ring of evasion
 E - a +2 ring of strength (right hand)
Wands
 y - a wand of acid (2)
Scrolls
 e - a scroll of remove curse
 g - 2 scrolls of identify
 i - a scroll of noise
 o - a scroll of random uselessness
 p - a scroll of enchant weapon
 q - 2 scrolls of fog
 u - a scroll of amnesia
 v - 2 scrolls of teleportation
 A - a scroll of silence
 G - a scroll of torment {unknown}
Potions
 d - a potion of might
 m - 2 potions of curing
 t - a potion of resistance
 x - a potion of brilliance
 z - 3 potions of experience
 C - a potion of mutation
 F - a potion of cancellation {unknown}
Comestibles
 f - 8 rations
 j - 4 chunks of flesh


   Skills:
 + Level 7.7(12.7) Fighting
 + Level 11.0(16.0) Long Blades
 + Level 7.6(12.6) Armour
 + Level 2.9(7.9) Dodging
 + Level 0.3(5.3) Stealth
 + Level 9.2(14.2) Shields
 + Level 1.7 Invocations


You had 9 spell levels left.
You didn't know any spells.
Your spell library was empty.

Dungeon Overview and Level Annotations

Branches:
Dungeon (7/15)             Temple (1/1) D:4          Bailey (1/1)

Altars:
Ashenzari
Elyvilon
Okawaru
Trog
The Shining One

Annotations:
D:4 2 transporters, Anathary's ghost, amateur FeBe


Innate Abilities, Weirdness & Mutations

You reflexively headbutt those who attack you in melee.
You have a pair of horns on your head.


Message History

You block the orc warrior's attack.
The orc warlord hits you with a +0 war axe!!!
You block the orc warrior's attack.
You hear a shout!
You hit the orc warlord.
The orc warlord is almost dead.
The orc warrior hits you with a +0 hand axe!!
* * * LOW HITPOINT WARNING * * *
The orc warrior hits you with a +0 war axe!
* * * LOW HITPOINT WARNING * * *
You block the orc warlord's attack.
Okay, then.
A hobgoblin comes into view. It is wielding a +0 war axe.
The hobgoblin shouts!
The orc warrior barely misses you.
You feel much better.
The orc warlord hits you with a +0 war axe!
* * * LOW HITPOINT WARNING * * *
The orc knight hits you with a +0 broad axe!!
You die...

.### ### .... ##.###
###.###... .....###
###.....#'#
.......###........g##
).......#...........#
.)......#....)...)..#
..⌠.....#))...⌠.o...#
.)......)..)...o.o..#
....)...#.......@o..#
.))....###.........##
.....### ###.....###
##.### ###.### ###
###


You could see an orc warlord, an orc knight, 2 orc warriors and a hobgoblin.

Vanquished Creatures
  A two-headed ogre (D:7)
  3 orc knights (Bailey)
  A black bear (D:6)
  A sky beast (D:6)
  A necrophage (D:7)
  7 orc warriors
  A centaur (D:6)
  A bullfrog (D:7)
  3 scorpions
  4 howler monkeys
  3 crimson imps
  A centaur zombie (D:7)
  2 hounds
  An orc priest (D:4)
  2 orc wizards
  4 worker ants
  A hound skeleton (D:7)
  7 gnolls (Bailey)
  9 adders
  A shadow imp (D:7)
  An ooze (D:1)
  3 worms
  2 leopard geckos
  26 orcs
  2 giant cockroaches
  12 goblins
  23 hobgoblins
  4 jackals (D:7)
  A ball python (D:1)
  8 bats
  4 frilled lizards
  A jackal skeleton (D:5)
  5 kobolds
  12 rats
158 creatures vanquished.

Notes
Turn   | Place    | Note
-------+----------+-------------------------------------------
     0 | D:1      | Peloso the Minotaur Fighter began the quest for the Orb.
     0 | D:1      | Reached XP level 1. HP: 19/19 MP: 0/0
   147 | D:1      | Reached XP level 2. HP: 27/27 MP: 1/1
   585 | D:2      | Reached XP level 3. HP: 26/33 MP: 2/2
   599 | D:2      | Found a white marble altar of Elyvilon.
   621 | D:2      | Noticed an ogre
   686 | D:2      | Reached skill level 3 in Long Blades
   687 | D:2      | Found a glowing golden altar of the Shining One.
   947 | D:2      | Reached XP level 4. HP: 41/41 MP: 3/3
  1701 | D:4      | Reached skill level 5 in Armour
  1701 | D:4      | Reached skill level 1 in Dodging
  1701 | D:4      | Reached XP level 5. HP: 42/47 MP: 4/4
  1718 | D:4      | Found a staircase to the Ecumenical Temple.
  1726 | Temple   | Entered the Ecumenical Temple
  1733 | Temple   | Became a worshipper of Warmaster Okawaru
  1797 | D:4      | Reached skill level 4 in Long Blades
  1860 | D:4      | Found a transporter.
  1861 | D:4      | Noticed Anathary's ghost (amateur FeBe)
  1862 | D:4      | Noticed an ogre
  1863 | D:4      | Found a transporter.
  1863 | D:4      | Noticed an ogre
  2101 | D:5      | Entered Level 5 of the Dungeon
  2232 | D:5      | Reached XP level 6. HP: 31/55 MP: 5/5
  2799 | D:5      | Reached * piety under Okawaru
  2806 | D:5      | Reached skill level 5 in Shields
  3045 | D:5      | Reached skill level 5 in Fighting
  3240 | D:6      | Reached skill level 5 in Long Blades
  3293 | D:6      | Reached XP level 7. HP: 58/61 MP: 6/6
  3587 | D:6      | Reached skill level 6 in Long Blades
  4020 | D:7      | Reached ** piety under Okawaru
  4053 | D:7      | Reached XP level 8. HP: 64/69 MP: 7/7
  4063 | D:7      | Reached skill level 7 in Long Blades
  4198 | D:7      | Noticed a two-headed ogre
  4208 | D:7      | Killed a two-headed ogre
  4208 | D:7      | Reached *** piety under Okawaru
  4208 | D:7      | Reached skill level 9 in Long Blades
  4208 | D:7      | Reached XP level 9. HP: 68/78 MP: 4/8
  4210 | D:7      | Found a flagged portal.
  4234 | Bailey   | Entered a bailey
  4710 | Bailey   | Noticed an orc knight
  4751 | Bailey   | Killed an orc knight
  4751 | Bailey   | Reached **** piety under Okawaru
  4751 | Bailey   | Reached skill level 10 in Long Blades
  4751 | Bailey   | Reached skill level 1 in Invocations
  4766 | Bailey   | Noticed an orc knight
  4779 | Bailey   | Killed an orc knight
  5091 | Bailey   | Noticed an orc knight
  5112 | Bailey   | Killed an orc knight
  5112 | Bailey   | Reached skill level 11 in Long Blades
  5112 | Bailey   | Reached XP level 10. HP: 61/88 MP: 6/10
  5183 | Bailey   | Noticed an orc warlord
  5190 | Bailey   | Noticed an orc knight
  5202 | Bailey   | Mangled by an orc knight

Levels and vault maps discovered:
D:1:      erik_arrival_cave_to_civilisation [erik_arrival_cave_to_hall],
          layout_basic
D:2:      layout_rooms, old_standard_altar, elyvilon_altar_5
D:3:      layout_basic
D:4:      layout_gridville, minmay_temple_entry_large_hall,
          gammafunk_ghost_smash
D:5:      layout_basic, first_ration, minivault_4
D:6:      layout_basic, feat_on_display
D:7:      layout_rooms, enter_bailey_8, centaur_isle
Temple:   regret_index_temple_sigil_plot
Bailey:   bailey_axe_minmay_hex_keep, bailey

Skill      XL: |  1  2  3  4  5  6  7  8  9 |
---------------+----------------------------+-----
Fighting       | 4 5 6 7 |  7.7
Armour         | 4 5 6 7 |  7.6
Long Blades    | 3 4 5 6 9 11 | 11.0
Shields        | 4 5 6 7 9 |  9.2
Dodging        | 1 2 |  2.9
Invocations    | 1 |  1.7
Stealth        | |  0.3

Action                   |  1- 3 |  4- 6 |  7- 9 | 10-12 || total
-------------------------+-------+-------+-------+-------++-------
Melee: Long sword        |    89 |   133 |   252 |     9 ||   483
       Headbutt          |    14 |    19 |    72 |     3 ||   108
Invok: Heroism           |       |       |     9 |     1 ||    10
Evoke: Wand              |       |       |     1 |     4 ||     5
  Use: Potion            |       |     3 |     2 |     1 ||     6
       Scroll            |       |     1 |    12 |       ||    13
  Eat: Chunk             |       |     4 |     7 |       ||    11
       Ration            |       |     1 |       |       ||     1
Armor: Scale mail        |    10 |       |       |       ||    10
       Chain mail        |    53 |    61 |       |       ||   114
       Plate armour      |       |    12 |    95 |       ||   107
Dodge: Dodged            |    34 |    28 |    36 |     2 ||   100
Block: Shield            |    54 |    60 |   127 |     7 ||   248
       Rpst.: Long sword |    10 |     5 |    10 |       ||    25
